 Dungeon Crawl Stone Soup version 0.21-a0-417-g0adc95b (webtiles) character file.

2590 Ijustatesigmund the Covert (level 9, -2/57 HPs)
             Began as an Octopode Assassin on Nov 3, 2017.
             Slain by an orc warrior
             ... wielding a +0 dire flail
              (27 damage)
             ... on level 7 of the Dungeon.
             The game lasted 00:19:13 (7108 turns).

Ijustatesigmund the Covert (Octopode Assassin)      Turns: 7108, Time: 00:19:13

Health: -2/57      AC:  1    Str:  8    XL:     9   Next: 58%
Magic:  9/9        EV: 15    Int: 13    God:
Gold:   233        SH: 12    Dex: 25    Spells: 5/8 levels left

rFire    . . .     SeeInvis +   z - +5 war axe of the Skies Above {freeze, *Slow Str-3 Dex+9 SInv}
rCold    . . .     Gourm    .   l - +3 shield
rNeg     . . .     Faith    .   (helmet restricted)
rPois    .         Spirit   .   n - amulet of rage
rElec    .         Reflect  .   (no ring)
rCorr    .         Harm     .   h - ring of see invisible
MR       +....                  y - ring of protection from magic
Stlth    ++++++....             (no ring)
HPRegen  0.19/turn              (no ring)
MPRegen  0.11/turn              (no ring)
                                (no ring)
                                (no ring)

@: no status effects
A: almost no armour, stealthy swim, amphibious, 8 rings, constrict 8, camouflage
1, gelatinous body 1
a: Evoke Berserk Rage


You were on level 7 of the Dungeon.
You were hungry.

You visited 2 branches of the dungeon, and saw 8 of its levels.

You collected 233 gold pieces.

Inventory:

Hand Weapons
 a - a +2 dagger
 b - a +0 blowgun
 e - a +1 dagger of venom
 z - the +5 war axe of the Skies Above (weapon) {freeze, *Slow Str-3 Dex+9 SInv}
   (You found it on level 4 of the Dungeon)

   It has been specially enchanted to freeze those struck by it, causing extra
   injury to most foes and up to half again as much damage against particularly
   susceptible opponents.
   It can also slow down cold-blooded creatures.
   It affects your strength (-3).
   It affects your dexterity (+9).
   It lets you see invisible.
   It may slow you when you take damage.
Missiles
 c - 36 poisoned needles
 d - 2 curare-tipped needles
 A - 2 throwing nets (quivered)
Armour
 l - a +3 shield (worn)
Jewellery
 h - a ring of see invisible (right tentacle)
 n - an amulet of rage (around mantle)
 w - an uncursed ring of ice
 y - a ring of protection from magic (on tentacle)
Wands
 m - a wand of scattershot (7/9)
 t - a wand of random effects (22/48)
 x - a wand of digging (23/24)
 C - a wand of polymorph (11/24)
 E - a wand of digging (15/24)
Scrolls
 g - 2 scrolls of remove curse
 j - 2 scrolls of teleportation
 p - 4 scrolls of amnesia
Potions
 i - a potion of lignification
 o - a potion of brilliance
 s - a potion of might
 u - a potion of heal wounds
 v - 3 potions of curing
 B - 2 potions of flight
 D - a potion of agility
Books
 r - a book of Minor Magic

   Spells                             Type                      Level
   a - Magic Dart                     Conjuration                  1
   b - Blink                          Translocation                2
   c - Call Imp                       Summoning                    2
   d - Slow                           Hexes                        2
   e - Conjure Flame                  Conjuration/Fire             3
   f - Mephitic Cloud                 Conjuration/Poison/Air       3
Comestibles
 f - 4 bread rations
 k - a meat ration
 q - a royal jelly


   Skills:
 - Level 3.2 Fighting
 - Level 3.2 Short Blades
 + Level 8.4 Axes
 - Level 2.0 Throwing
 - Level 4.6 Dodging
 - Level 8.6 Stealth
 + Level 3.6 Shields
 - Level 3.6 Translocations


You had 5 spell levels left.
You knew the following spells:

 Your Spells              Type           Power        Failure   Level  Hunger
a - Magic Dart            Conj           #...         80%         1    ##.....
b - Blink                 Tloc           N/A          43%         2    ###....


Dungeon Overview and Level Annotations

Branches:
Dungeon (7/15)             Temple (1/1) D:6

Altars:
Elyvilon
Fedhas
Hepliaklqana
Kikubaaqudgha
Makhleb
Nemelex Xobeh
Okawaru
Ru
Sif Muna
Trog
Uskayaw
Vehumet
Wu Jian
Xom
Yredelemnul
The Shining One

Shops:
D:4 [[(


Innate Abilities, Weirdness & Mutations

You cannot wear most types of armour.
You are very stealthy in the water. (Stealth+)
You are amphibious.
You can wear up to eight rings at the same time.
You can use your tentacles to constrict eight enemies at once.
Your skin changes colour to match your surroundings (Stealth+).
Your rubbery body absorbs attacks. (AC +1, EV +1)


Message History

You hit the orc warrior. You freeze the orc warrior.
You squeeze the orc warrior, but do no damage.
The orc warrior is heavily wounded.
You barely miss the orc.
You constrict the orc warrior, but do no damage.
The orc misses you. The orc warrior completely misses you.
Your shield prevents you from hitting the orc warrior.
You squeeze the orc warrior.
The orc warrior is heavily wounded.
You slash the orc! You freeze the orc.
You kill the orc!
You constrict the orc warrior. You block the orc warrior's attack.
You hit the orc warrior. You freeze the orc warrior.
You squeeze the orc warrior, but do no damage.
The orc warrior is almost dead.
You constrict the orc warrior, but do no damage.
You block the orc warrior's attack.
You release your grip on the orc warrior.
The orc warrior hits you with a dire flail!!
You die...

≈;....(....≈≈##
≈...........≈≈## #
......#......≈≈## .#
..............≈≈####.#
...............≈#...#
................'.##
..#...#.%.#$)...'..#
......).....o...'..#
............@..≈##.#
[.............≈≈##.####.###
......#......≈≈##.........#
≈...........≈≈##.#.####.#.#
≈≈.........≈≈###.#.#
#≈≈.......≈≈## #.#.#
##≈;.....≈≈#####...#
≈≈≈≈≈##.....### ###.### #.#


You could see an orc warrior.

Vanquished Creatures
  The ghost of Ijustatesigmund the Sneak, a novice OpAs (D:7)
  The ghost of Mitsuki the Firebug, a novice DEFE (D:5)
  A hippogriff (D:5)
  Sigmund (D:2)
  A phantom (D:6)
  4 ogres
  The ghost of WhiffAndRun the Firebug, an amateur HuWn (D:3)
  A scorpion (D:5)
  2 howler monkeys (D:4)
  2 crimson imps (D:5)
  A bullfrog zombie (D:6)
  3 hounds
  2 jellies (D:5)
  An orc priest (D:7)
  A bullfrog skeleton (D:5)
  A gnoll shaman (D:5)
  Natasha (twice) (D:2)
  An iguana (D:6)
  7 orc wizards
  3 worker ants
  Robin (D:2)
  A howler monkey zombie (D:5)
  16 adders
  4 gnolls
  An adder skeleton (D:6)
  An adder zombie (D:5)
  2 worms
  2 dart slugs
  3 leopard geckos
  31 orcs
  A ball python (D:1)
  A bat zombie (D:4)
  3 giant cockroaches
  12 goblins
  11 hobgoblins
  8 jackals
  11 kobolds
  A quokka (D:3)
  5 bats
  4 frilled lizards
  A jackal skeleton (D:4)
  A jackal zombie (D:6)
  11 rats
  2 rat zombies (D:4)
171 creatures vanquished.

Vanquished Creatures (others)
  A plant (D:2)
1 creature vanquished.

Grand Total: 172 creatures vanquished

Notes
Turn   | Place    | Note
-------+----------+-------------------------------------------
     0 | D:1      | Ijustatesigmund the Octopode Assassin began the quest for the Orb.
     0 | D:1      | Reached XP level 1. HP: 14/14 MP: 1/1
    30 | D:1      | Reached XP level 2. HP: 16/19 MP: 2/2
   291 | D:1      | Reached XP level 3. HP: 23/24 MP: 3/3
   647 | D:2      | Noticed Sigmund
   650 | D:2      | Killed Sigmund
   650 | D:2      | Reached XP level 4. HP: 29/29 MP: 4/4
   650 | D:2      | Reached XP level 5. HP: 34/34 MP: 5/5
   994 | D:2      | Reached XP level 6. HP: 33/39 MP: 6/6
  1116 | D:2      | Noticed Robin
  1128 | D:2      | Killed Robin
  1404 | D:2      | Noticed Natasha
  1416 | D:2      | Killed Natasha
  1976 | D:3      | Noticed WhiffAndRun's ghost (amateur HuWn)
  2191 | D:2      | Noticed Natasha
  2197 | D:2      | Killed Natasha
  2456 | D:4      | Reached XP level 7. HP: 43/45 MP: 7/7
  2612 | D:4      | Found a bloodstained altar of Trog.
  2656 | D:4      | Found Xesig's Weapon Shop.
  2813 | D:4      | Found Toeh's Armour Boutique.
  2839 | D:4      | Found Vinwuq's Antique Armour Boutique.
  3104 | D:4      | Got a crude war axe
  3105 | D:4      | Identified the +5 war axe of the Skies Above {freeze, *Slow Str-3 Dex+9 SInv} (You found it on level 4 of the Dungeon)
  3183 | D:4      | Found an ancient bone altar of Kikubaaqudgha.
  3383 | D:4      | Reached skill level 1 in Axes
  3452 | D:5      | Entered Level 5 of the Dungeon
  3454 | D:5      | Noticed a hippogriff
  3465 | D:5      | Killed a hippogriff
  3465 | D:5      | Reached XP level 8. HP: 10/52 MP: 8/8
  3717 | D:5      | Found a radiant altar of Vehumet.
  4133 | D:5      | Reached skill level 5 in Axes
  4504 | D:5      | Learned a level 1 spell: Magic Dart
  4507 | D:5      | Learned a level 2 spell: Blink
  4522 | D:5      | Found a hazy altar of Hepliaklqana.
  4523 | D:5      | Found a shimmering altar of Xom.
  4523 | D:5      | Noticed a tentacled monstrosity
  4524 | D:5      | Noticed a spectral ugly thing
  4524 | D:5      | Noticed a tentacled monstrosity
  4577 | D:5      | Noticed Mitsuki's ghost (novice DEFE)
  4582 | D:5      | Reached skill level 1 in Translocations
  4924 | D:6      | Found a staircase to the Ecumenical Temple.
  4958 | Temple   | Entered the Ecumenical Temple
  5329 | D:6      | Found a sacrificial altar of Ru.
  5536 | D:6      | Reached XP level 9. HP: 51/57 MP: 9/9
  6070 | D:3      | Killed WhiffAndRun's ghost
  6539 | D:5      | Killed Mitsuki's ghost
  6869 | D:7      | Noticed Ijustatesigmund's ghost (novice OpAs)
  6926 | D:7      | Killed Ijustatesigmund's ghost
  7108 | D:7      | Slain by an orc warrior

Vault maps used:
D:1:      enne_arrival_octagon_isle
D:2:      wad_lake_hut, kennysheep_generic_room_12, uniq_natasha, uniq_sigmund,
          uniq_robin
D:4:      lemuel_zombie_altar_kikubaaqudgha, kennysheep_mini_moat, serial_shops,
          shop, shop, nicolae_shop_statue_plus
D:5:      regret_index_temple_of_mockery, overflow_temple_1_default, first_bread
D:6:      minmay_temple_entry_purple_smoke, nicolae_ru_awakened_eye
D:7:      ashenzari_altar_1, lemuel_crystal_altar, grunt_livestock,
          kennysheep_cluttered_room, grunt_dithmenos_smoke
Temple:   jpeg_temple_alley_garden

Skill      XL: |  1  2  3  4  5  6  7  8  9 |
---------------+----------------------------+-----
Dodging        | 2 3 4 |  4.6
Stealth        | 6 7 8 |  8.6
Fighting       | 3 |  3.2
Short Blades   | 3 |  3.2
Axes           | 4 7 8 |  8.4
Translocations | 3 |  3.6
Shields        | 3 |  3.6
Throwing       | |  2.0

Action                   |  1- 3 |  4- 6 |  7- 9 || total
-------------------------+-------+-------+-------++-------
Melee: Dagger            |    34 |   122 |    19 ||   175
       Constrict         |     9 |    29 |    40 ||    78
       Tentacles         |     4 |    25 |    40 ||    69
       War axe           |       |       |   175 ||   175
 Fire: Blowgun           |     6 |       |     6 ||    12
 Abil: Evoke Berserk Rag |       |       |     2 ||     2
  Use: Scroll            |     3 |     2 |    12 ||    17
       Potion            |       |     3 |       ||     3
 Stab: Sleeping          |     9 |     8 |    23 ||    40
       Distracted        |       |     2 |     1 ||     3
  Eat: Chunk             |       |     1 |     6 ||     7
       Meat ration       |       |     1 |     1 ||     2
       Fruit             |       |       |     2 ||     2
       Royal jelly       |       |       |     1 ||     1
Armor: Skin              |     3 |     6 |     4 ||    13
Dodge: Dodged            |    11 |    90 |   121 ||   222
Block: Shield            |       |       |    15 ||    15

Table legend:
 A = Spawn XP
 B = Non-spawn XP
 C = Spawn XP percentage of total XP
 D = Spawn monster count
 E = Non-spawn monster count
 F = Spawn count percentage of total count
 G = Total turns spent on level
                    A         B        C        D         E        F      G
               +---------+---------+-------+---------+---------+-------+---------
         Total |       0 |    3700 |   0.0 |       0 |     171 |   0.0 |  7108
               +---------+---------+-------+---------+---------+-------+---------
           D:1 |       0 |      48 |   0.0 |       0 |      22 |   0.0 |   643
           D:2 |       0 |     395 |   0.0 |       0 |      32 |   0.0 |  1367
           D:3 |       0 |     292 |   0.0 |       0 |      29 |   0.0 |   775
           D:4 |       0 |     471 |   0.0 |       0 |      17 |   0.0 |  1738
           D:5 |       0 |    1310 |   0.0 |       0 |      37 |   0.0 |   900
           D:6 |       0 |     497 |   0.0 |       0 |      27 |   0.0 |  1104
           D:7 |       0 |     687 |   0.0 |       0 |       7 |   0.0 |   345
               +---------+---------+-------+---------+---------+-------+---------
